 Dungeon Crawl Stone Soup version 0.20.1-1-g8b1a95d (webtiles) character file.

95 vatarom the Slasher (level 4, -12/51 HPs)
             Began as a Demonspawn Gladiator on Sept 15, 2017.
             Splashed by Ijyb's acid (16 damage)
             ... on level 3 of the Dungeon.
             The game lasted 00:02:53 (1457 turns).

vatarom the Slasher (Demonspawn Gladiator)          Turns: 1457, Time: 00:02:53

Health: -12/51     AC: 14    Str: 14    XL:     4   Next: 39%
Magic:  0/4        EV:  2    Int: 10    God:
Gold:   149        SH:  0    Dex: 15    Spells: 3/3 levels left

rFire    + . .     SeeInvis .   a - +0 long sword
rCold    . . .     Gourm    .   (no shield)
rNeg     + + +     Faith    .   (armour currently unavailable)
rPois    +         Spirit   +   (helmet currently unavailable)
rElec    .         Reflect  .   (cloak currently unavailable)
rCorr    .         Harm     .   (gloves currently unavailable)
MR       .....     NoTele   +   (boots currently unavailable)
Stlth    +.........             (no amulet)
Regen    0.2/turn               i - ring of fire
MPRegen  0.1/turn               n - ring of protection from cold

@: tree-form, corroded
A: magic shield
a: no special abilities


You were on level 3 of the Dungeon.
You were not hungry.
You were a tree.
You visited 1 branch of the dungeon, and saw 3 of its levels.

You collected 149 gold pieces.

Inventory:

Hand Weapons
 a - a +0 long sword (weapon)
Missiles
 d - 3 throwing nets (quivered)
Armour
 b - a +0 leather armour (melded)
 c - a +0 helmet
Jewellery
 i - a ring of fire (left branch)
 n - a ring of protection from cold (right branch)
Scrolls
 l - 3 scrolls of teleportation
 o - a scroll of amnesia {unknown}
Potions
 k - 3 potions of curing
Comestibles
 f - 2 bread rations
 g - 2 meat rations
 h - 2 royal jellies
 j - 2 fruits
 m - 5 chunks of flesh


   Skills:
 + Level 2.8 Fighting
 * Level 4.1 Long Blades
 - Level 1.7 Throwing
 + Level 3.1 Dodging


You had 3 spell levels left.
You didn't know any spells.

Dungeon Overview and Level Annotations

Branches:
Dungeon (3/15)

Altars:

Annotations:
D:3 Ijyb


Innate Abilities, Weirdness & Mutations

((You have a pair of small horns on your head.))
When hurt, damage is shared between your health and your magic reserves.


Message History

You start resting.
Magic restored.
Key pressed, stopping explore.
Found a trident.
Ijyb the Twisted Goblin comes into view.
She is wielding a dagger.
Ijyb is nearby!
Ijyb shouts!
Ijyb zaps a wand.
The bolt of acid misses you.
It is a wand of acid (?/15).
Found a leather armour.
You hit Ijyb but do no damage.
Ijyb zaps a wand.
The bolt of acid hits you! The acid corrodes you!
You are splashed with acid!
The acid burns!
* * * LOW HITPOINT WARNING * * *
You are too injured to fight recklessly!
You are too injured to fight recklessly!
You turn into a tree.
Your +0 leather armour melds into your body.
Your roots penetrate the ground.
Ijyb zaps a wand.
The bolt of acid hits you!
* * * LOW HITPOINT WARNING * * *
The acid corrodes you!
You are splashed with acid!
The acid burns!
You die...

####### #.....#
#####.###.#
########.....# #.#
#........#####
#.#######
#........#
#####........
#........#
#.....#######
#........# #.###♣#
######.#####. #g#
.............. ...
##.....#####..#.).#
#.......<# #....
##.)....#.# #...##
........#### #...#
...........# .[..#
.......###.#


You could see Ijyb.

Vanquished Creatures
  3 adders
  3 worms
  2 dart slugs
  A leopard gecko (D:3)
  3 orcs (D:3)
  6 bats (D:1)
  5 giant cockroaches
  6 hobgoblins
  3 jackals (D:2)
  A quokka (D:1)
  2 ball pythons
  A frilled lizard (D:2)
  6 goblins
  6 kobolds
  4 rats (D:1)
52 creatures vanquished.

Notes
Turn   | Place    | Note
-------+----------+-------------------------------------------
     0 | D:1      | vatarom the Demonspawn Gladiator began the quest for the Orb.
     0 | D:1      | Reached XP level 1. HP: 16/16 MP: 1/1
    97 | D:1      | Reached skill level 3 in Long Blades
   262 | D:1      | Gained mutation: You have a pair of small horns on your head. [demonic ancestry]
   262 | D:1      | Reached XP level 2. HP: 22/22 MP: 2/2
   528 | D:1      | Gained mutation: When hurt, damage is shared between your health and your magic reserves. [demonic ancestry]
   528 | D:1      | Reached XP level 3. HP: 26/28 MP: 3/3
  1024 | D:2      | Reached XP level 4. HP: 26/34 MP: 4/4
  1369 | D:3      | Reached skill level 4 in Long Blades
  1453 | D:3      | Noticed Ijyb
  1457 | D:3      | Splashed by Ijyb's acid

Skill      XL: |  1  2  3  4 |
---------------+-------------+-----
Long Blades    | 3 4 |  4.1
Dodging        | 3 |  3.1
Fighting       | |  2.8
Throwing       | |  1.7

Action                   |  1- 3 |  4- 6 || total
-------------------------+-------+-------++-------
Melee: Long sword        |    77 |    37 ||   114
       Headbutt          |    11 |    12 ||    23
  Use: Potion            |     1 |     4 ||     5
       Scroll            |     1 |     3 ||     4
 Stab: Sleeping          |     2 |       ||     2
  Eat: Chunk             |     1 |     1 ||     2
Armor: Leather armour    |    31 |     4 ||    35
Dodge: Dodged            |    67 |    22 ||    89
       Rpst.: Long sword |    24 |     8 ||    32
